 Dungeon Crawl Stone Soup version 0.31-a0-692-gf03d1854d5 (webtiles) character file.

Game seed: 8991111816126453788

55 qw the Shooter (level 3, -4/22 HPs)
             Began as a Gargoyle Hunter on Sept 6, 2023.
             Slain by a gnoll
             ... wielding a +0 club
              (6 damage)
             ... on level 2 of the Dungeon.
             The game lasted 00:00:35 (1555 turns).

qw the Shooter (Gargoyle Hunter)                    Turns: 1555, Time: 00:00:35

Health: -4/22      AC:  8    Str: 17    XL:     3   Next: 93%
Magic:  3/3        EV: 11    Int:  9    God:
Gold:   44         SH:  0    Dex: 15    Spells: 2/2 levels left

rFire   . . .        b - +4 shortbow of the Chickpea {freeze, Str+3}
rCold   + + .        (shield currently unavailable)
rNeg    + . .        h - +0 ring mail
rPois   inf          (no helmet)
rElec   +            (no cloak)
rCorr   .            (no gloves)
SInv    .            (no boots)
Will    .....        (no amulet)
Stlth   +            i - ring of protection from cold
HPRegen 0.23/turn    c - ring of protection from cold
MPRegen 0.08/turn

%: no passive effects
@: weak-willed
A: sickness immunity, AC +3, negative energy resistance 1, electricity
resistance, torment resistance 1, petrification resistance
a: no special abilities


You were on level 2 of the Dungeon.
You visited 1 branch of the dungeon, and saw 3 of its levels.

You collected 44 gold pieces.


Innate Abilities, Weirdness & Mutations

You are immune to sickness and miasma.
Your stone body is resilient. (AC +3)
You are immune to poison.
You resist negative energy. (rN+)
You are resistant to electric shocks. (rElec)
You are resistant to unholy torment.
You are immune to petrification.


   Skills:
 + Level 2.9 Fighting
 - Level 5.0 Ranged Weapons
 - Level 1.0 Armour
 - Level 1.5 Dodging
 - Level 1.1 Stealth


You had 2 spell levels left.
You didn't know any spells.
Your spell library was empty.

Inventory:

Hand Weapons
 b - the +4 shortbow of the Chickpea (weapon) {freeze, Str+3}
   (You acquired it on level 2 of the Dungeon)

   Str+3:     It affects your strength (+3).
Armour
 h - a +0 ring mail (worn)
Jewellery
 c - a ring of protection from cold (right hand)
 i - a ring of protection from cold (left hand)
Potions
 a - a potion of lignification {unknown}
 e - a potion of heal wounds {unknown}
 f - a potion of degeneration {unknown}
 j - a potion of enlightenment {unknown}

Dungeon Overview and Level Annotations

Branches:
Dungeon (3/15)

Altars:


Message History

b - the +4 shortbow of the Chickpea {freeze, Str+3}
1527 ||| SWAPPING to +4 shortbow of the Chickpea {freeze, Str+3}.
You feel stronger.
The +4 shortbow of the Chickpea {freeze, Str+3} is covered in frost.
b - the +4 shortbow of the Chickpea (weapon)
{freeze, Str+3}
1528 ||| DROPPING +0 shortbow.
You drop a +0 shortbow.
Done exploring.
What level of the Dungeon? (default 2, ? - help)
There is a stone staircase leading down here.
You climb downwards.
The gnoll shouts! x2
Found 12 gold pieces and a gnarled runed staff.
Found a stone staircase leading down and a stone staircase leading up.
There is a stone staircase leading up here.
There are monsters nearby!
Waypoint 2 assigned to D:3.
1550 |||
Found retreat position at 1,1 (floor) with 0 blocking monsters and 3 monsters attacking at destination at distance 1
1550 ||| STAIRDANCE The gnoll shouts!
The hobgoblin closely misses you. The gnoll hits you but does no damage.
The gnoll hits you with a +0 flail.
You climb upwards.
There is a stone staircase leading down here.
You shoot an arrow. The arrow hits the gnoll.
The arrow freezes the gnoll.
The gnoll is heavily wounded.
The hobgoblin hits you but does no damage.
The gnoll barely misses you. The gnoll closely misses you.
You shoot an arrow. The arrow hits the gnoll.
The arrow freezes the gnoll.
The gnoll is severely wounded.
The hobgoblin barely misses you. The gnoll hits you with a +0 flail!
The gnoll hits you with a +0 club.
You shoot an arrow. The arrow hits the gnoll.
The arrow freezes the gnoll.
The gnoll is almost dead.
The hobgoblin hits you. The gnoll hits you but does no damage.
The gnoll hits you with a +0 club.
You shoot an arrow. The arrow hits the gnoll!
The arrow freezes the gnoll.
You kill the gnoll!
The hobgoblin hits you but does no damage.
The gnoll hits you with a +0 club.
You die...

#............
####.#####.##.
#..........##.
#.##.....(.... ######
#.#...........
#....###.#..#########
#.##.................
#.##gg##.#.##########
#.##@).....# #....
#.######...######.###
#.# #...).........
#.######.##........#.
#........########....
########## #.#..
#.##. #.##. #.##.


You could see a gnoll and a hobgoblin.

Vanquished Creatures
  A gnoll (D:2)
  An adder (D:2)
  2 worms (D:2)
  A dart slug (D:2)
  4 ball pythons
  3 bats (D:1)
  2 endoplasms (D:2)
  5 goblins (D:2)
  5 hobgoblins
  3 quokkas
  2 frilled lizards (D:1)
  A kobold (D:1)
  6 rats
36 creatures vanquished.

Notes
Turn   | Place    | Note
-------+----------+-------------------------------------------
     0 | D:1      | qw the Gargoyle Hunter began the quest for the Orb.
     0 | D:1      | Reached XP level 1. HP: 12/12 MP: 1/1
     0 | D:1      | 0 ||| qw: Version: 0.3-a-76-g4403597
     0 | D:1      | 0 ||| qw: Game counter: 124
     0 | D:1      | 0 ||| qw: Melee chars always use a shield: true
     0 | D:1      | 0 ||| qw: God list: Okawaru
     0 | D:1      | 0 ||| qw: Allow faded altars: false
     0 | D:1      | 0 ||| qw: Do Orc after clearing Dungeon:15 true
     0 | D:1      | 0 ||| qw: Do second Lair branch before Depths: true
     0 | D:1      | 0 ||| qw: Lair rune preference: random
     0 | D:1      | 0 ||| qw: Goals: Normal
     0 | D:1      | 0 ||| PLANNING D:1-11
   117 | D:1      | Reached XP level 2. HP: 17/17 MP: 2/2
   384 | D:1      | HP: 3/17 [quokka (3)]
   675 | D:1      | 675 ||| UPGRADING to +0 ring mail.
   685 | D:1      | 685 ||| DROPPING +0 leather armour.
   686 | D:1      | 686 ||| UPGRADING to ring of protection from cold.
   687 | D:1      | 687 ||| READING scroll labelled WAABLOAJOCS.
   688 | D:1      | 688 ||| READING scroll labelled FUIBUD TUITA.
   689 | D:1      | 689 ||| DRINKING 2 fuming inky potions.
   690 | D:1      | 690 ||| DROPPING scroll of butterflies.
   691 | D:1      | 691 ||| DROPPING potion of attraction.
   847 | D:2      | Reached skill level 1 in Armour
   847 | D:2      | Reached XP level 3. HP: 21/21 MP: 3/3
   930 | D:2      | Found a faded altar of an unknown god.
   978 | D:2      | Reached skill level 5 in Ranged Weapons
  1523 | D:2      | 1523 ||| UPGRADING to ring of protection from cold.
  1524 | D:2      | 1524 ||| READING scroll labelled FUR VUUNELI.
  1525 | D:2      | 1525 ||| READING scroll labelled DAAPEQIVVI.
  1525 | D:2      | Identified a scroll of acquirement
  1525 | D:2      | 1525 ||| ACQUIRING +4 shortbow of the Chickpea {freeze,
                  | Str+3}
  1525 | D:2      | Acquired the +4 shortbow of the Chickpea {freeze, Str+3}
  1527 | D:2      | 1527 ||| SWAPPING to +4 shortbow of the Chickpea {freeze,
                  | Str+3}.
  1528 | D:2      | 1528 ||| DROPPING +0 shortbow.
  1550 | D:3      | 1550 ||| STAIRDANCE
  1554 | D:2      | HP: 2/22 [gnoll/+0 club (4)]
  1555 | D:2      | Slain by a gnoll

Levels and vault maps discovered:
D:1:      erik_arrival_triangle_medium, layout_basic
D:2:      layout_basic, chequers_ecumenical_altar_twisty
D:3:      layout_basic, serial_corexii_hall, corexii_hall_statues_x,
          corexii_hall_statues_u, chequers_hall_statues_y,
          corexii_hall_statues_u, serial_shops, shop_coins,
          chequers_serial_rivers_small_b, serial_bayou_lagoon_a,
          dk_noncrumbling_3, grunt_ministairs_7, minivault_11,
          hangedman_feature_mirror

Skill      XL: |  1  2  3 |
---------------+----------+-----
Armour         | 1 |  1.0
Ranged Weapons | 5 |  5.0
Fighting       | |  2.9
Dodging        | |  1.5
Stealth        | |  1.1

Action                     || total
---------------------------++-------
   Fire: Shortbow          ||   134
    Use: Scroll            ||     4
         Potion            ||     1
 Armour: Leather armour    ||    28
         Ring mail         ||    15
  Dodge: Dodged            ||    37

Table legend:
 A = Non-vault XP
 B = Vault XP
 C = Vault XP percentage of total XP
 D = Non-vault monster count
 E = Vault monster count
 F = Vault count percentage of total count
                 A         B        C        D         E       F
            +---------+---------+-------+---------+---------+-------
      Total |      79 |      15 |  16.0 |      35 |       1 |   2.8
            +---------+---------+-------+---------+---------+-------
        D:1 |      25 |       0 |   0.0 |      16 |       0 |   0.0
        D:2 |      54 |      15 |  21.7 |      19 |       1 |   5.0
            +---------+---------+-------+---------+---------+-------
